 Dungeon Crawl Stone Soup version 0.23.2 (webtiles) character file.

Game seed: 17117018367863161039

320 Erenes the Slasher (level 6, -11/52 HPs)
             Began as a Minotaur Fighter on May 2, 2019.
             Killed by nerve-wracking pain
             ... invoked by Grinder
              (13 damage)
             ... on level 3 of the Dungeon.
             The game lasted 00:14:03 (1819 turns).

Erenes the Slasher (Minotaur Fighter)               Turns: 1819, Time: 00:14:03

Health: -11/52     AC:  7    Str: 20    XL:     6   Next: 22%
Magic:  5/5        EV:  7    Int:  5    God:
Gold:   99         SH:  9    Dex: 12    Spells: 5/5 levels left

rFire    . . .     SeeInvis .   a - +0 long sword
rCold    . . .     Gourm    .   c - +0 shield
rNeg     . . .     Faith    .   b - +0 scale mail
rPois    .         Spirit   .   (helmet restricted)
rElec    .         Reflect  .   (no cloak)
rCorr    .         Harm     .   (no gloves)
MR       .....                  (no boots)
Stlth    ..........             (no amulet)
HPRegen  0.17/turn              (no ring)
MPRegen  0.09/turn              (no ring)

@: no status effects
A: retaliatory headbutt, horns 2
a: no special abilities


You were on level 3 of the Dungeon.
You were not hungry.

You visited 1 branch of the dungeon, and saw 3 of its levels.

You collected 99 gold pieces.

Inventory:

Hand Weapons
 a - a +0 long sword (weapon)
Armour
 b - a +0 scale mail (worn)
 c - a +0 shield (worn)
Scrolls
 e - 2 scrolls of fog {unknown}
 g - a scroll of remove curse {unknown}
 h - a scroll of teleportation {unknown}
 i - a scroll of magic mapping {unknown}
 k - a scroll of identify {unknown}
 l - a scroll of immolation {unknown}
Potions
 d - 2 potions of might
 m - a potion of magic {unknown}
 n - a potion of agility {unknown}
 o - a potion of curing {unknown}
Comestibles
 f - 4 rations


   Skills:
 - Level 3.8 Fighting
 * Level 7.6 Long Blades
 - Level 3.9 Armour
 - Level 3.8 Shields


You had 5 spell levels left.
You didn't know any spells.
Your spell library was empty.

Dungeon Overview and Level Annotations

Branches:
Dungeon (3/15)

Altars:
Gozag
Makhleb

Annotations:
D:3 Grinder


Innate Abilities, Weirdness & Mutations

You reflexively headbutt those who attack you in melee.
You have a pair of horns on your head.


Message History

You block the orc priest's attack.
You hit the orc priest.
You kill the orc priest!
Grinder barely misses you.
You riposte.
You hit Grinder.
Grinder is lightly wounded.
You block the orc's attack. The orc barely misses you.
You riposte.
You hit the orc. You headbutt the orc.
You kill the orc!
Grinder hits you!
* * * LOW HITPOINT WARNING * * *
You writhe in agony.
* * * LOW HITPOINT WARNING * * *
You slash Grinder!
Grinder is moderately wounded.
An orc comes into view. It is wielding a +0 flail.
You block Grinder's attack.
The orc shouts!
Grinder gestures at you. Pain shoots through your body!
You die...

...##...##8...8##......#
........##..$..##...####
........#8.....8#...#
.......o##.....##..######
........##8...8##.......#
........# ##_## #.......#
.......)#########.......#
........o....#..........#
#.#..###...@#..[#########
## ###..#5<...####
.......).......#
.......#........#
.......##........#
..............#..###
..(..###.##........#
##.........#........#
..................(


You could see Grinder and an orc.

Vanquished Creatures
  Sigmund (D:3)
  An orc priest (D:3)
  An iguana (D:2)
  4 adders (D:2)
  2 oozes
  A worm (D:2)
  2 leopard geckos (D:2)
  7 orcs
  9 hobgoblins
  3 jackals (D:2)
  4 kobolds (D:1)
  A quokka (D:2)
  5 bats
  4 frilled lizards
  7 goblins
  4 rats (D:1)
56 creatures vanquished.

Vanquished Creatures (others)
  11 toadstools (D:3)
11 creatures vanquished.

Grand Total: 67 creatures vanquished

Notes
Turn   | Place    | Note
-------+----------+-------------------------------------------
     0 | D:1      | Erenes the Minotaur Fighter began the quest for the Orb.
     0 | D:1      | Reached XP level 1. HP: 19/19 MP: 0/0
   120 | D:1      | Reached XP level 2. HP: 22/27 MP: 1/1
   439 | D:1      | Reached skill level 3 in Long Blades
   670 | D:2      | Reached XP level 3. HP: 27/33 MP: 2/2
   703 | D:2      | Reached skill level 4 in Long Blades
   931 | D:2      | Reached XP level 4. HP: 35/40 MP: 3/3
  1031 | D:2      | Reached skill level 5 in Long Blades
  1290 | D:2      | Found a burning altar of Makhleb.
  1441 | D:3      | Found an opulent altar of Gozag.
  1459 | D:3      | Noticed Sigmund
  1474 | D:3      | Killed Sigmund
  1474 | D:3      | Reached skill level 7 in Long Blades
  1474 | D:3      | Reached XP level 5. HP: 26/46 MP: 4/4
  1474 | D:3      | Reached XP level 6. HP: 29/52 MP: 5/5
  1648 | D:3      | Noticed Grinder
  1812 | D:3      | Paralysed by Grinder for 4 turns
  1817 | D:3      | HP: 1/52 [Grinder (6)]
  1819 | D:3      | Killed from afar by Grinder

Skill      XL: |  1  2  3  4 |
---------------+-------------+-----
Long Blades    | 3 4 7 |  7.6
Fighting       | |  3.8
Armour         | |  3.9
Shields        | |  3.8

Action                   |  1- 3 |  4- 6 || total
-------------------------+-------+-------++-------
Melee: Long sword        |   102 |    51 ||   153
       Headbutt          |    12 |    13 ||    25
  Eat: Chunk             |       |     3 ||     3
Armor: Scale mail        |    42 |    23 ||    65
Dodge: Dodged            |    31 |    17 ||    48
Block: Shield            |    65 |    34 ||    99
       Rpst.: Long sword |    13 |     5 ||    18
